[Event "22nd Hoogeveen Open 2018"]
[Site "Hoogeveen"]
[Date "2018.10.24"]
[Round "6"]
[White "Hoffman, Ron"]
[Black "Maters, Arthur"]
[Result "0-1"]
[ECO "D90"]
[WhiteElo "2060"]
[BlackElo "1933"]
[Annotator "NA"]
[PlyCount "98"]
[EventDate "2018.10.20"]
[EventType "swiss"]
[EventCountry "NED"]
[SourceTitle "playchess.com"]
[Source "ChessBase"]
[SourceQuality "1"]
[TimeControl "40/5400+30:1800+30"]

1. Nf3 Nf6 2. c4 g6 3. Nc3 d5 4. cxd5 Nxd5 5. Qb3 Nb6 $1 6. d4 Bg7 7. Bf4 {[%emt 0:01:31] LiveBook: 275 Games} Be6 8. Qc2 c6 {[%emt 0:01:08] D90: Grünfeld: 4 Nf3 Bg7 sidelines} (8... Nc6 9. e3 Nb4 10. Qd1 O-O 11. a3 N4d5 12. Nxd5 Nxd5 13. Be5 Bxe5 14. Nxe5 c5 15. dxc5 Qa5+ 16. b4 {½-½ (34) Xu,Y (2523)-Wei,Y (2700) Xinghua 2016}) 9. e4 O-O 10. Rd1 f6 11. Be2 N8d7 12. O-O Re8 $146 ({Predecessor:} 12... Bf7 13. Rfe1 Qe8 14. b3 e5 15. Be3 Qe7 16. h3 {0-1 (53) Yuferev,O (2367)-Mammadova,G (2284) Moscow 2011}) 13. a4 a5 14. d5 cxd5 15. Nd4 Bf7 16. exd5 Nxd5 17. Nxd5 Bxd5 18. Nb5 Rc8 19. Bc7 e6 {[%emt 0:00:05] [#]} 20. Bc4 $16 Rxc7 21. Nxc7 Qxc7 22. Rxd5 Rc8 23. Rc1 Qxc4 24. Qxc4 Rxc4 25. Rxc4 exd5 26. Rc8+ Kf7 27. Rc7 Ke6 28. Rxb7 Bf8 29. Kf1 Bb4 30. Ke2 Nc5 31. Rxh7 d4 32. Rh3 d3+ 33. Rxd3 Nxd3 34. Kxd3 Kd5 35. b3 Bc5 36. f3 Bg1 37. h3 Bh2 38. b4 axb4 39. a5 Kc5 40. a6 Kb6 41. Kc4 Bd6 42. h4 Kxa6 43. g4 Ka5 44. Kd5 b3 45. Kxd6 b2 46. Ke6 b1=Q 47. Kxf6 Kb5 48. h5 gxh5 49. gxh5 Qh7 0-1

[Event "22nd Hoogeveen Open 2018"]
[Site "Hoogeveen"]
[Date "2018.10.24"]
[Round "6"]
[White "Verhoef, Pieter"]
[Black "Shakhverdian, William"]
[Result "1-0"]
[ECO "B52"]
[WhiteElo "2058"]
[BlackElo "1903"]
[Annotator "NA"]
[PlyCount "57"]
[EventDate "2018.10.20"]
[EventType "swiss"]
[EventCountry "NED"]
[SourceTitle "playchess.com"]
[Source "ChessBase"]
[SourceQuality "1"]
[TimeControl "40/5400+30:1800+30"]

1. e4 c5 2. Nf3 d6 3. Bb5+ Bd7 4. Bxd7+ Qxd7 5. O-O Nf6 6. Qe2 Nc6 7. Rd1 {[%emt 0:00:19] B52: Sicilian: Moscow Variation with 3...Bd7} (7. b3 g6 8. Bb2 Bg7 9. c4 Nh5 10. Bxg7 Nxg7 11. Nc3 O-O 12. Qe3 e5 13. d3 f5 14. Nd5 f4 15. Qd2 Ne6 16. b4 {½-½ (71) Anand,V (2759)-Grischuk,A (2766) Leuven 2018}) 7... e6 8. d4 cxd4 9. Nxd4 Be7 10. c4 Nxd4 11. Rxd4 Qc6 {[%emt 0:00:30] LiveBook: 14 Games} 12. Nc3 O-O 13. b3 {[%emt 0:05:17] [#]} Rfe8 $146 ({Predecessor:} 13... a6 14. Bb2 Rfd8 15. Rad1 Ne8 16. a4 Bf6 17. R4d3 Be5 18. Kh1 {½-½ (18) Erdos,V (2645)-Kovacevic,A (2557) Sarajevo 2013}) 14. Bb2 a6 15. Rd2 Rad8 16. Rad1 Nd7 17. Qg4 Ne5 18. Qg3 Ng6 19. Ba3 Bf6 $14 20. Bxd6 Bxc3 21. Qxc3 Qxe4 22. Bg3 Rxd2 23. Qxd2 Qc6 24. Qd7 Qc8 25. Qxc8 Rxc8 26. Rd7 b5 27. c5 Rxc5 28. Rd8+ Nf8 29. Rxf8+ 1-0

[Event "22nd Hoogeveen Open 2018"]
[Site "Hoogeveen"]
[Date "2018.10.24"]
[Round "6"]
[White "Boersma, Jan"]
[Black "Clemens, Adrian"]
[Result "1-0"]
[ECO "B10"]
[WhiteElo "2047"]
[BlackElo "2153"]
[Annotator "NA"]
[PlyCount "117"]
[EventDate "2018.10.20"]
[EventType "swiss"]
[EventCountry "NED"]
[SourceTitle "playchess.com"]
[Source "ChessBase"]
[SourceQuality "1"]
[TimeControl "40/5400+30:1800+30"]

1. e4 c6 2. c4 d5 3. cxd5 cxd5 4. exd5 Nf6 5. Bb5+ Nbd7 6. Nc3 a6 7. Qa4 g6 $11 {[%emt 0:02:29] LiveBook: 59 Games} 8. Be2 Bg7 9. d4 O-O 10. Bf3 Ne8 11. Nge2 Nd6 12. O-O Nf6 13. h3 Nf5 14. g3 Nd6 15. Bg2 b5 16. Qd1 Bb7 17. Nf4 Rb8 18. Nd3 a5 19. Ne5 Ra8 20. Nc6 Qd7 21. Re1 Rfe8 22. a3 Ra6 23. Bg5 h6 24. Bxf6 Bxf6 25. Qd3 e6 26. Ne5 Qd8 27. dxe6 Rxe6 28. Bxb7 Nxb7 29. Qxb5 Rab6 30. Qc4 Nd6 31. Qd5 Qe7 32. Qa8+ Qf8 33. Qxf8+ Kxf8 34. Nd5 Rb7 35. Nxg6+ Kg7 36. Nxf6 Kxg6 37. Nd5 Rxe1+ 38. Rxe1 Rxb2 39. Nf4+ Kf6 40. Rc1 Rb3 41. Rc3 Rb2 42. Rf3 Rd2 43. Kg2 Ke7 44. Re3+ Kd7 45. d5 Ra2 46. Rc3 Ne4 47. Rf3 Nd2 48. Re3 Nc4 49. Re4 Nb6 50. Re3 Nc4 51. Rc3 Nxa3 52. Rc6 Nb5 53. Nd3 Nd4 54. Nc5+ Ke7 55. d6+ Kf6 56. Rc8 Ne6 57. d7 Ke7 58. Re8+ Kd6 59. Rxe6+ 1-0

[Event "22nd Hoogeveen Open 2018"]
[Site "Hoogeveen"]
[Date "2018.10.24"]
[Round "6"]
[White "Van de Pavoordt, Max"]
[Black "Husers, Yannic"]
[Result "1-0"]
[ECO "A47"]
[WhiteElo "2034"]
[BlackElo "1866"]
[Annotator "NA"]
[PlyCount "101"]
[EventDate "2018.10.20"]
[EventType "swiss"]
[EventCountry "NED"]
[SourceTitle "playchess.com"]
[Source "ChessBase"]
[SourceQuality "1"]
[TimeControl "40/5400+30:1800+30"]

1. d4 Nf6 2. Nf3 b6 3. Bf4 d6 4. e3 g6 5. c4 Bg7 6. Nc3 O-O 7. Be2 Bb7 {[%emt 0:01:16] LiveBook: 26 Games} 8. h3 Nfd7 9. Bg3 e5 10. d5 Nc5 $14 11. h4 h6 12. Nd2 f5 13. f3 a5 14. e4 a4 15. Qc2 Bc8 16. Bf2 a3 17. b4 Nca6 18. Rb1 Nd7 19. Bd3 f4 20. Nb5 Nf6 21. Qb3 Bd7 22. Nxa3 g5 23. hxg5 hxg5 24. Nc2 Kf7 25. c5 bxc5 26. Bxa6 Rxa6 27. bxc5 Qa8 28. c6 Bc8 29. a3 g4 30. Nc4 gxf3 31. gxf3 Ra4 32. Nb2 Qa5+ 33. Kd1 Rxe4 34. fxe4 Nxe4 35. Be1 Bg4+ 36. Kc1 Nc5 37. Qc4 Qa8 38. Nd3 Be2 39. Nxe5+ Bxe5 40. Qxe2 Rh8 41. Rxh8 Qxh8 42. Qf3 Qh2 43. Bf2 Qxf2 44. Qxf2 Nd3+ 45. Kd2 Nxf2 46. Rb7 Kf6 47. Rxc7 Ne4+ 48. Kd3 Nc5+ 49. Ke2 Kf5 50. Rf7+ Ke4 51. c7 1-0

[Event "22nd Hoogeveen Open 2018"]
[Site "Hoogeveen"]
[Date "2018.10.24"]
[Round "6"]
[White "Klaren, Duncan"]
[Black "Damen, Jip"]
[Result "1/2-1/2"]
[ECO "B01"]
[WhiteElo "1950"]
[BlackElo "2192"]
[Annotator "NA"]
[PlyCount "143"]
[EventDate "2018.10.20"]
[EventType "swiss"]
[EventCountry "NED"]
[SourceTitle "playchess.com"]
[Source "ChessBase"]
[SourceQuality "1"]
[TimeControl "40/5400+30:1800+30"]

1. e4 d5 2. exd5 Nf6 3. Nf3 Bg4 4. Bb5+ Nbd7 5. O-O Nxd5 6. h3 Bh5 7. Nc3 Nxc3 8. dxc3 c6 9. Bd3 Ne5 10. Be2 Qxd1 11. Rxd1 Nxf3+ 12. Bxf3 Bxf3 13. gxf3 Rd8 14. Be3 b6 15. Rxd8+ Kxd8 16. a4 c5 17. a5 $14 Kc7 18. b4 b5 19. Bxc5 a6 20. Rd1 g6 21. Bd4 f6 22. Bb6+ Kc6 23. Bc5 Kc7 24. c4 bxc4 25. Rd4 Kc6 26. Rxc4 Kb5 27. Rd4 Bh6 28. Bxe7 Rc8 29. Bc5 f5 30. Rd6 Bf8 31. Rb6+ Kc4 32. Bxf8 Rxf8 33. Rb7 Rf6 34. Kf1 Re6 35. Rb6 Re7 36. h4 Kc3 37. Rxa6 Kxb4 38. Ra8 Kb5 39. a6 Kb6 40. a7 Kb7 41. Rb8+ Kxa7 42. Rb3 Rc7 43. c3 Rc4 44. f4 Rxf4 45. Rb4 Rf3 46. Kg2 Rxc3 47. Rb2 h6 48. Rb4 Rc6 49. Kg3 Rc3+ 50. Kg2 Ka6 51. Rf4 Rc5 52. Rb4 Rb5 53. Rd4 Rb6 54. Rd5 h5 55. Kg3 Kb7 56. Rc5 Rb4 57. Rc3 Kb6 58. Rc8 Rg4+ 59. Kh3 Kb5 60. Rc1 f4 61. Rc8 Kb4 62. Rc6 Kb3 63. Rc1 f3 64. Rc6 Rg2 65. Rf6 Rxf2 66. Kg3 Rg2+ 67. Kxf3 Rg1 68. Rf4 Kc3 69. Kf2 Rd1 70. Rf6 Rd2+ 71. Kg3 Rd3+ 72. Rf3 1/2-1/2

[Event "22nd Hoogeveen Open 2018"]
[Site "Hoogeveen"]
[Date "2018.10.24"]
[Round "6"]
[White "Winkels, Marcel"]
[Black "Boghossian, Wahe"]
[Result "1-0"]
[ECO "B72"]
[WhiteElo "1935"]
[BlackElo "1748"]
[Annotator "NA"]
[PlyCount "77"]
[EventDate "2018.10.20"]
[EventType "swiss"]
[EventCountry "NED"]
[SourceTitle "playchess.com"]
[Source "ChessBase"]
[SourceQuality "1"]
[TimeControl "40/5400+30:1800+30"]

1. e4 c5 2. Nf3 d6 3. d4 cxd4 4. Nxd4 Nf6 5. Nc3 a6 6. h3 Nc6 7. Be3 g6 8. Qd2 Bg7 9. O-O-O {[%emt 0:02:21] LiveBook: 4 Games} O-O 10. f3 Qc7 11. h4 b5 12. h5 Nxd4 13. Bxd4 e5 14. Be3 Nxh5 15. Nd5 Qd8 $16 (15... Qb7 $14) 16. Bh6 Nf4 17. Bxg7 Kxg7 18. g3 Nh5 19. g4 Nf4 20. Nxf4 exf4 21. Qxf4 Rh8 22. Rxd6 Qe7 23. e5 Be6 24. Qh6+ Kg8 25. Be2 Rc8 26. Rhd1 Bxa2 27. R1d2 b4 28. Rd7 Qf8 29. Qg5 f6 30. exf6 Bf7 31. Qa5 Re8 32. Rd8 h5 33. Rxe8 Bxe8 34. Bc4+ Kh7 35. g5 Rg8 36. Qc7+ Kh8 37. Rd8 b3 38. Bxg8 Kxg8 39. Rxe8 1-0

[Event "22nd Hoogeveen Open 2018"]
[Site "Hoogeveen"]
[Date "2018.10.24"]
[Round "6"]
[White "Van Foreest, Machteld"]
[Black "Brands, Kevin"]
[Result "1-0"]
[ECO "B94"]
[WhiteElo "1934"]
[BlackElo "1862"]
[Annotator "NA"]
[PlyCount "33"]
[EventDate "2018.10.20"]
[EventType "swiss"]
[EventCountry "NED"]
[SourceTitle "playchess.com"]
[Source "ChessBase"]
[SourceQuality "1"]
[TimeControl "40/5400+30:1800+30"]

1. e4 c5 2. Nf3 d6 3. d4 cxd4 4. Nxd4 Nf6 5. Nc3 a6 6. Bg5 Nbd7 7. Qe2 b5 8. O-O-O Bb7 9. Bxf6 {[%emt 0:02:45] LiveBook: 5 Games} Nxf6 10. e5 b4 $2 (10... dxe5 $11 11. Ndxb5 (11. Qxe5 Qb8 $11) 11... Nd7) 11. exf6 bxc3 12. Nf5 $18 e6 13. fxg7 Qg5+ 14. Qe3 cxb2+ 15. Kb1 Qxe3 16. gxh8=Q Qa7 17. Nxd6+ 1-0

[Event "22nd Hoogeveen Open 2018"]
[Site "Hoogeveen"]
[Date "2018.10.24"]
[Round "6"]
[White "Emans, Job"]
[Black "Mellema, Andries"]
[Result "1/2-1/2"]
[ECO "A59"]
[WhiteElo "1927"]
[BlackElo "2140"]
[Annotator "NA"]
[PlyCount "146"]
[EventDate "2018.10.20"]
[EventType "swiss"]
[EventCountry "NED"]
[SourceTitle "playchess.com"]
[Source "ChessBase"]
[SourceQuality "1"]
[TimeControl "40/5400+30:1800+30"]

1. d4 Nf6 2. c4 c5 3. d5 b5 4. cxb5 a6 5. bxa6 g6 6. Nc3 Bxa6 7. e4 Bxf1 8. Kxf1 d6 9. g3 Bg7 10. Kg2 O-O 11. Nf3 Nbd7 12. Re1 Ng4 {[%emt 0:07:10] LiveBook: 169 Games} 13. a4 $14 Nde5 14. Nxe5 Nxe5 15. Qc2 Qa5 16. Bd2 Nc4 17. Nb1 Nxd2 18. Nxd2 Rfb8 19. Nc4 Qa6 20. Ra3 Rb4 21. b3 Rab8 22. Kh1 e6 23. Re2 Bd4 24. Kg1 Rd8 25. Qd3 exd5 26. exd5 Qb7 27. Qf3 Qa7 28. a5 Rb7 29. a6 Re7 30. Rxe7 Qxe7 31. Kg2 Qa7 32. Qe2 Qa8 33. a7 Qb7 34. Nxd6 Qxd5+ 35. Qf3 Qxd6 36. a8=Q Rxa8 37. Rxa8+ Kg7 38. Ra7 Qe6 39. Ra4 Qd6 40. Rc4 Qe5 41. Rc2 Qd6 42. Qe4 Qf6 43. Qd5 h5 44. f3 Qa6 45. b4 Qa4 46. Rxc5 Qd1 47. Rc1 Qd2+ 48. Kh3 Qxc1 49. Qxd4+ Kg8 50. Qd3 Qb2 51. b5 Qe5 52. Qc4 Qf5+ 53. Kg2 Qf6 54. Qc5 Qb2+ 55. Kh3 Qb1 56. Qc6 Qf1+ 57. Kh4 Qe2 58. b6 Kg7 59. Qc3+ f6 60. h3 Qe6 61. f4 Qxb6 62. Qf3 Kh6 63. g4 g5+ 64. fxg5+ fxg5+ 65. Kg3 Qg1+ 66. Qg2 h4+ 67. Kf3 Qd4 68. Qc2 Qf4+ 69. Ke2 Qe5+ 70. Kd1 Qd5+ 71. Qd2 Qc5 72. Qd3 Kg7 73. Qf3 Qd4+ 1/2-1/2

[Event "22nd Hoogeveen Open 2018"]
[Site "Hoogeveen"]
[Date "2018.10.24"]
[Round "6"]
[White "De Vries, Emma"]
[Black "Jelic, Bruno"]
[Result "0-1"]
[ECO "B06"]
[WhiteElo "1905"]
[BlackElo "2076"]
[Annotator "NA"]
[PlyCount "68"]
[EventDate "2018.10.20"]
[EventType "swiss"]
[EventCountry "NED"]
[SourceTitle "playchess.com"]
[Source "ChessBase"]
[SourceQuality "1"]
[TimeControl "40/5400+30:1800+30"]

1. e4 g6 2. d4 d6 3. Nc3 Bg7 4. Be3 a6 5. Qd2 b5 6. a3 Bb7 7. f3 Nd7 {[%emt 0:00:49] LiveBook: 10 Games} 8. g4 Rc8 9. Bg2 $11 c5 10. Nge2 cxd4 11. Bxd4 Ngf6 12. h4 O-O 13. g5 Nh5 14. Bxg7 Nxg7 15. Ng3 Ne5 16. O-O-O Nc4 17. Qe1 Qc7 18. Bh3 e6 19. Rd3 Qc6 20. Nge2 Ne5 21. Re3 Qc5 22. Qg1 b4 23. axb4 Qxb4 24. Nb1 Nxf3 25. Rxf3 Bxe4 26. Nd4 Bxf3 27. Nxf3 Rb8 28. Qd4 Rfc8 29. Rd1 Rc4 30. Qxd6 Qxb2+ 31. Kd2 Rxc2+ 32. Ke3 Re2+ 33. Kf4 Nh5+ 34. Kg4 Re4+ 0-1

[Event "22nd Hoogeveen Open 2018"]
[Site "Hoogeveen"]
[Date "2018.10.24"]
[Round "6"]
[White "Bleeker, Kasper"]
[Black "Achuthan, Dylan"]
[Result "0-1"]
[ECO "B22"]
[WhiteElo "1891"]
[BlackElo "1751"]
[Annotator "NA"]
[PlyCount "138"]
[EventDate "2018.10.20"]
[EventType "swiss"]
[EventCountry "NED"]
[SourceTitle "playchess.com"]
[Source "ChessBase"]
[SourceQuality "1"]
[TimeControl "40/5400+30:1800+30"]

1. e4 c5 2. c3 d5 3. exd5 Qxd5 4. d4 Nc6 5. Nf3 Bg4 6. Be2 Nf6 7. Be3 e6 8. Na3 Be7 9. h3 Bh5 10. O-O O-O 11. Nc2 Rfd8 $11 12. dxc5 Bg6 13. Bd4 e5 14. Be3 Qe4 15. Ncd4 exd4 16. cxd4 Rac8 17. Qb3 h6 18. Rac1 Nd5 19. Nd2 Nxd4 20. Bxd4 Qxd4 21. Bg4 f5 22. Bf3 Bf7 23. Nc4 Qf6 24. Qxb7 Bxc5 25. Rfd1 Nf4 26. Nd6 Rb8 27. Qxf7+ Qxf7 28. Nxf7 Rxd1+ 29. Bxd1 Bxf2+ 30. Kf1 Rxb2 31. Bb3 Be3 32. Rc8+ Kh7 33. Rh8+ Kg6 34. Ne5+ Kf6 35. Nf3 Rb1+ 36. Ne1 Nd3 37. Ke2 Nxe1 38. Kxe3 Nxg2+ 39. Kf2 Nf4 40. h4 Rb2+ 41. Kf3 Ng6 42. Ra8 Nxh4+ 43. Kg3 Kg5 44. Rxa7 g6 45. Ra5 Rg2+ 46. Kh3 Rg1 47. Bd5 Re1 48. Rc5 Re3+ 49. Kh2 Re5 50. a4 Nf3+ 51. Kg2 Ne1+ 52. Kf1 Nd3 53. Rb5 Kh4 54. a5 Kg3 55. Rb1 Rxd5 56. a6 Ra5 57. Rb3 Rxa6 58. Rxd3+ Kg4 59. Rb3 f4 60. Rb4 Ra2 61. Kg1 g5 62. Rb3 h5 63. Rb4 h4 64. Rb3 f3 65. Rb4+ Kg3 66. Rb1 h3 67. Rc1 Rh2 68. Rc3 Re2 69. Kf1 Rf2+ 0-1

[Event "22nd Hoogeveen Open 2018"]
[Site "Hoogeveen"]
[Date "2018.10.24"]
[Round "6"]
[White "Kutchoukov, Daniel"]
[Black "Pham, Khoi"]
[Result "0-1"]
[ECO "B23"]
[WhiteElo "1882"]
[BlackElo "2153"]
[Annotator "NA"]
[PlyCount "100"]
[EventDate "2018.10.20"]
[EventType "swiss"]
[EventCountry "NED"]
[SourceTitle "playchess.com"]
[Source "ChessBase"]
[SourceQuality "1"]
[TimeControl "40/5400+30:1800+30"]

1. e4 c5 2. Nc3 Nc6 3. Bb5 Nd4 4. Bc4 e6 5. Nge2 Nf6 6. O-O a6 7. d3 b5 8. Bb3 Nxb3 9. axb3 Bb7 10. Bg5 h6 11. Bd2 d5 12. e5 d4 (12... Ng4 $15 {stays ahead.}) 13. exf6 dxc3 14. fxg7 ({Much worse is} 14. bxc3 $6 Qxf6 15. Ng3 Bd6 $11) ({Much weaker is} 14. Bxc3 $6 gxf6 15. f3 h5 $11) 14... Bxg7 15. Bxc3 $16 Rg8 16. f3 Qg5 17. Ng3 h5 18. Qe2 Kf8 19. Rae1 Rd8 20. Bxg7+ Rxg7 21. Qe5 h4 22. Qxg5 Rxg5 23. Ne4 Rgd5 24. f4 Rf5 25. Re3 c4 26. g4 hxg3 27. Nxg3 Rc5 28. bxc4 bxc4 29. dxc4 Rxc4 30. c3 Rd2 31. Re2 Rd3 32. f5 exf5 33. Nxf5 Rg4+ 34. Kf2 Rf4+ 35. Ke1 Rd1+ 36. Kxd1 Rxf1+ 37. Kd2 Rxf5 38. Kd3 Bd5 39. Kd4 Be6 40. Ke4 Rh5 41. Rd2 Ke7 42. Kf4 Kf6 43. Ke4 Rh4+ 44. Kf3 Ke5 45. Re2+ Kf5 46. Kg3 Rg4+ 47. Kf3 Bd5+ 48. Kf2 Rg2+ 49. Ke3 Rxe2+ 50. Kxe2 Ke5 0-1

[Event "22nd Hoogeveen Open 2018"]
[Site "Hoogeveen"]
[Date "2018.10.24"]
[Round "6"]
[White "Van der Hagen, Loek"]
[Black "Biermann, Florian"]
[Result "1-0"]
[ECO "B99"]
[WhiteElo "1820"]
[BlackElo "2024"]
[Annotator "NA"]
[PlyCount "97"]
[EventDate "2018.10.20"]
[EventType "swiss"]
[EventCountry "NED"]
[SourceTitle "playchess.com"]
[Source "ChessBase"]
[SourceQuality "1"]
[TimeControl "40/5400+30:1800+30"]

1. e4 c5 2. Nf3 d6 3. d4 cxd4 4. Nxd4 Nf6 5. Nc3 a6 6. Bg5 e6 7. f4 h6 8. Bh4 Be7 9. Qf3 Nbd7 10. O-O-O Qc7 11. Bd3 g5 12. fxg5 Ne5 13. Qe2 Nfg4 14. h3 hxg5 15. Bg3 {[%emt 0:00:23] LiveBook: 22 Games} Nf6 16. Nf3 $11 Nh5 17. Bh2 Bd7 18. Nxe5 dxe5 19. Qf2 Nf4 20. Rhf1 f6 21. Kb1 Rc8 22. Ne2 Ba4 23. Rc1 Qa5 24. Nxf4 gxf4 25. g3 Bc5 26. Qe2 Rc6 27. Bc4 Rb6 28. Bb3 Bb5 29. Qg4 Rf8 30. Qg6+ Ke7 31. Rh1 Bc4 32. gxf4 Bd4 33. fxe5 fxe5 34. Qg7+ Rf7 35. Qg5+ Kd7 36. Rhd1 Bxb3 37. Rxd4+ Bd5 38. Rxd5+ exd5 39. Qxe5 Re6 40. Qb8 Qd8 41. exd5 Rb6 42. Qe5 Rbf6 43. a3 Qb6 44. Re1 Qd8 45. Qd4 Qb6 46. Qe4 Qd8 47. d6 Kc8 48. Qc4+ Kd7 49. Qa4+ 1-0

[Event "22nd Hoogeveen Open 2018"]
[Site "Hoogeveen"]
[Date "2018.10.25"]
[Round "7"]
[White "Miedema, David"]
[Black "Blagojevic, Tijana"]
[Result "1-0"]
[ECO "D02"]
[WhiteElo "2379"]
[BlackElo "2232"]
[Annotator "ChessBase"]
[PlyCount "97"]
[EventDate "2018.10.20"]
[EventType "swiss"]
[EventCountry "NED"]
[SourceTitle "playchess.com"]
[Source "ChessBase"]
[SourceQuality "1"]
[TimeControl "40/5400+30:1800+30"]

1. d4 d5 2. Nf3 Nf6 3. Bf4 c5 4. e3 Nc6 5. Nbd2 Qb6 6. dxc5 Qxb2 7. Rb1 Qc3 8. Be2 e6 9. O-O Be7 10. Rb5 Ne4 11. Nxe4 dxe4 12. Nd2 f5 13. Nc4 O-O 14. Bd6 Rd8 15. Rb3 Qf6 16. f3 exf3 17. Bxf3 e5 18. Bd5+ Kh8 19. Rd3 Be6 20. e4 f4 21. Qb1 b6 22. Qb5 Bxd5 23. exd5 Bxd6 24. Nxd6 Nd4 25. Qc4 bxc5 26. Nb7 e4 27. Rh3 Rdc8 28. c3 Qb6 29. cxd4 cxd4 30. Qb3 d3+ 31. Qxb6 axb6 32. Nd6 Rc2 33. Nxe4 Raxa2 34. Nf2 d2 35. Rd3 Rc1 36. Nd1 g5 37. d6 Rc8 38. Rf2 Kg7 39. Rfxd2 Rxd2 40. Rxd2 Kf6 41. Nc3 Rd8 42. Rb2 Ke5 43. Rxb6 g4 44. Rb5+ Kd4 45. Ne2+ Ke4 46. Kf2 f3 47. Ng3+ Kd3 48. gxf3 gxf3 49. Rd5+ 1-0

[Event "22nd Hoogeveen Open 2018"]
[Site "Hoogeveen"]
[Date "2018.10.25"]
[Round "7"]
[White "Baskin, Robert"]
[Black "Ojas Kulkarni"]
[Result "1/2-1/2"]
[ECO "A50"]
[WhiteElo "2348"]
[BlackElo "2254"]
[Annotator "NA"]
[PlyCount "40"]
[EventDate "2018.10.20"]
[EventType "swiss"]
[EventCountry "NED"]
[SourceTitle "playchess.com"]
[Source "ChessBase"]
[SourceQuality "1"]
[TimeControl "40/5400+30:1800+30"]

1. d4 Nf6 2. c4 b6 3. Nc3 Bb7 4. Qc2 g6 {[%emt 0:04:18] A50: Queen's Fianchetto Defence (1 d4 Nf6 2 c4 b6)} (4... d5 5. cxd5 Nxd5 6. Nf3 Nxc3 7. bxc3 g6 8. e4 Bg7 9. Bb5+ c6 10. Be2 O-O 11. O-O Nd7 12. Bg5 Re8 13. Rad1 Qc7 14. e5 {1-0 (53) Paravyan,D (2629)-Gordievsky,D (2615) Moscow 2018}) 5. e4 {[%emt 0:02:01] LiveBook: 7 Games} Bg7 6. Be2 d6 7. Be3 c5 $146 ({Predecessor:} 7... Nbd7 8. Nf3 O-O 9. Nd2 e5 10. d5 Qe7 {1-0 (52) Saint,A (1804)-Dizdarevic,M (1912) Melbourne 2010}) 8. d5 O-O 9. g4 e6 10. g5 Ne8 11. h4 exd5 12. exd5 (12. cxd5 $16 Na6 13. h5) 12... Nc7 13. h5 b5 14. O-O-O bxc4 15. hxg6 (15. Qe4 $1 $11) 15... hxg6 16. f4 Re8 17. Bf2 Bc8 18. Bxc4 Nd7 19. Bd3 Nb6 20. Be4 Rb8 $19 1/2-1/2

[Event "22nd Hoogeveen Open 2018"]
[Site "Hoogeveen"]
[Date "2018.10.25"]
[Round "7"]
[White "Bertholee, Rob"]
[Black "Dev, Shah"]
[Result "1-0"]
[ECO "B13"]
[WhiteElo "2334"]
[BlackElo "2146"]
[Annotator "ChessBase"]
[PlyCount "109"]
[EventDate "2018.10.20"]
[EventType "swiss"]
[EventCountry "NED"]
[SourceTitle "playchess.com"]
[Source "ChessBase"]
[SourceQuality "1"]
[TimeControl "40/5400+30:1800+30"]

1. c4 c6 2. e4 d5 3. exd5 cxd5 4. d4 Nf6 5. Nc3 Nc6 6. Bg5 Ne4 7. Nxe4 dxe4 8. d5 Nb8 9. Qd4 Bf5 10. Ne2 f6 11. Be3 e5 12. Qd2 Na6 13. a3 Rc8 14. b4 Bg6 15. Nc3 f5 16. Bg5 Be7 17. Bxe7 Qxe7 18. d6 Qf7 19. Nd5 Nb8 20. c5 Nc6 21. Bb5 f4 22. Ne7 Kd7 23. Bxc6+ bxc6 24. O-O Qe6 25. f3 exf3 26. Rxf3 Rcf8 27. Re1 Bh5 28. Rf2 f3 29. Qg5 g6 30. Rxe5 Qb3 31. Re1 Qc3 32. Qd2 Qxd2 33. Rxd2 fxg2 34. Kxg2 a6 35. Rf1 Rxf1 36. Kxf1 Rf8+ 37. Rf2 Rxf2+ 38. Kxf2 g5 39. Ke3 Bf7 40. Ke4 Be6 41. Ke5 Bh3 42. Kf6 g4 43. Kg5 Bf1 44. Kxg4 Bd3 45. Kg5 Bc2 46. h4 Bb1 47. h5 Be4 48. Kf6 Bf3 49. h6 Be4 50. Ng8 Bg6 51. Kg7 Ke6 52. Nf6 Bf5 53. Nxh7 Bxh7 54. Kxh7 Kf7 55. a4 1-0

[Event "22nd Hoogeveen Open 2018"]
[Site "Hoogeveen"]
[Date "2018.10.25"]
[Round "7"]
[White "De Jong, Migchiel"]
[Black "Sparenberg, Erik"]
[Result "1-0"]
[ECO "D45"]
[WhiteElo "2309"]
[BlackElo "2224"]
[Annotator "ChessBase"]
[PlyCount "71"]
[EventDate "2018.10.20"]
[EventType "swiss"]
[EventCountry "NED"]
[SourceTitle "playchess.com"]
[Source "ChessBase"]
[SourceQuality "1"]
[TimeControl "40/5400+30:1800+30"]

1. c4 Nf6 2. d4 c6 3. Nf3 d5 4. Nc3 e6 5. e3 Nbd7 6. Qc2 Be7 7. Bd3 dxc4 8. Bxc4 b5 9. Be2 Bb7 10. O-O a6 11. e4 c5 12. d5 exd5 13. Nxd5 Nxd5 14. exd5 Bxd5 15. Rd1 Be6 16. Ne5 Qc7 17. Qe4 Rc8 18. Bf4 Nf6 19. Qf3 Qb6 20. a4 c4 21. a5 Qc5 22. Qb7 O-O 23. Bf3 g5 24. Bg3 Rc7 25. Qxa6 g4 26. Nc6 gxf3 27. Bxc7 Ne4 28. Nxe7+ Qxe7 29. Bg3 fxg2 30. Qxb5 Ng5 31. Ra3 Rd8 32. Bd6 Rxd6 33. Qb8+ Kg7 34. Qxd6 Qb7 35. Rg3 h6 36. h4 1-0

[Event "22nd Hoogeveen Open 2018"]
[Site "Hoogeveen"]
[Date "2018.10.25"]
[Round "7"]
[White "De Boer, Eelke"]
[Black "Van Delft, Merijn"]
[Result "1-0"]
[ECO "B94"]
[WhiteElo "2285"]
[BlackElo "2381"]
[Annotator "ChessBase"]
[PlyCount "105"]
[EventDate "2018.10.20"]
[EventType "swiss"]
[EventCountry "NED"]
[SourceTitle "playchess.com"]
[Source "ChessBase"]
[SourceQuality "1"]
[TimeControl "40/5400+30:1800+30"]

1. e4 c5 2. Nf3 d6 3. d4 cxd4 4. Nxd4 Nf6 5. Nc3 a6 6. Bg5 Nbd7 7. Qe2 Qa5 8. Bd2 g6 9. g4 Bg7 10. Nb3 Qd8 11. Bg2 O-O 12. O-O-O a5 13. Be3 a4 14. Nd4 a3 15. b3 Qa5 16. Ncb5 Nc5 17. Bd2 Qb6 18. g5 Nfxe4 19. Bxe4 Nxe4 20. Qxe4 e5 21. Be3 exd4 22. Nxd4 Qb4 23. Qd3 Bg4 24. Qd2 Qc5 25. f3 Bh5 26. Qd3 Rfe8 27. Rhe1 Rac8 28. Kb1 Qc3 29. Qxc3 Rxc3 30. Bf2 Rec8 31. Rd2 Be5 32. h4 Bxf3 33. Nb5 R3c6 34. Na7 Bc3 35. Nxc6 Bxc6 36. Rxd6 Bxe1 37. Bxe1 Be4 38. Rd2 f5 39. gxf6 Kf7 40. Re2 Bf5 41. Bb4 Kxf6 42. Bxa3 h6 43. Bb2+ Kf7 44. Bc1 g5 45. hxg5 h5 46. Kb2 h4 47. c4 h3 48. Bf4 Kg6 49. Re7 b5 50. cxb5 Rc2+ 51. Ka3 Rf2 52. b6 Bc8 53. Bb8 1-0

[Event "22nd Hoogeveen Open 2018"]
[Site "Hoogeveen"]
[Date "2018.10.25"]
[Round "7"]
[White "Bluhm, Sonja Maria"]
[Black "Murray, David"]
[Result "1/2-1/2"]
[ECO "C01"]
[WhiteElo "2281"]
[BlackElo "2222"]
[Annotator "NA"]
[PlyCount "61"]
[EventDate "2018.10.20"]
[EventType "swiss"]
[EventCountry "NED"]
[SourceTitle "playchess.com"]
[Source "ChessBase"]
[SourceQuality "1"]
[TimeControl "40/5400+30:1800+30"]

1. e4 e6 2. d4 d5 3. exd5 exd5 4. Bd3 Bd6 5. h3 Ne7 6. Nf3 Bf5 7. O-O O-O 8. Nc3 {[%emt 0:06:01] C01: French: Exchange Variation} c6 9. Re1 {[%emt 0:01:24] LiveBook: 3 Games} Bxd3 10. Qxd3 Nd7 11. Bg5 Re8 12. Ne2 $146 ({Predecessor:} 12. Bxe7 Rxe7 13. Rxe7 Bxe7 14. Re1 Bf8 {½-½ (14) Haba,P (2493)-Blatny,P (2444) Ostrava 2002}) 12... Qc7 13. Bh4 Ng6 14. Bg3 Nf6 15. Bxd6 Qxd6 16. Ng3 Nf4 17. Qf5 g6 18. Qg5 Ne4 19. Nxe4 Rxe4 20. c3 Rae8 21. Rxe4 Rxe4 22. Re1 Qe6 23. Rxe4 Qxe4 24. Qf6 Nd3 25. Ne5 $11 Nxe5 26. dxe5 Qb1+ 27. Kh2 Qxb2 28. Qd8+ Kg7 29. Qf6+ Kg8 30. Qd8+ Kg7 31. Qf6+ 1/2-1/2